TOP OF THE 1ST |
University of North Carolina at Chapel Hill Tar Heels batting - Pitching for University of South Carolina Gamecocks : LHP Kazuyoshi Miyazaki
|
Pitching: LHP Kazuyoshi Miyazaki
|
|
Batting: RHB David McDonald
|
0-0: Ball 1-0: Ball 2-0: Ball 3-0: Base on Balls
|
Batting: RHB Aaron Stout
|
0-0: Ball 1-0: Called Strike 1-1: Ball 2-1: Ball 3-1: Swinging Strike 3-2: Fielders Choice at 2nd, 4-6 (Groundball, 4, EV 84.4 MPH)
|
Batting: LHB Jason Raker
|
0-0: Called Strike 0-1: Ball 1-1: Hit by Pitch Aaron Stout to second
|
Batting: RHB Kazushige Hasegawa
|
0-0: Called Strike 0-1: Grounds into double play, 6-4-3 (Groundball, 6, EV 102.5 MPH)
|
Top of the 1st over - 0 runs, 0 hits, 0 errors, 1 left on base; University of North Carolina at Chapel Hill 0 - University of South Carolina 0 |
BOTTOM OF THE 1ST |
University of South Carolina Gamecocks batting - Pitching for University of North Carolina at Chapel Hill Tar Heels : RHP Bill Porter
|
Pitching: RHP Bill Porter
|
|
Batting: SHB Willie Medina
|
0-0: Ball 1-0: Ball 2-0: Fly out, F3 (Popup, 3SF, EV 69.4 MPH)
|
Batting: RHB Jake Geib
|
0-0: Foul Ball, location: 2F 0-1: Foul Ball, location: 2F 0-2: Foul Ball, location: 2F 0-2: Foul Ball, location: 2F 0-2: Ball 1-2: Ball 2-2: Ball 3-2: Fly out, F8 (Flyball, 8RD, EV 90.0 MPH)
|
Batting: SHB Isaiah Scates
|
0-0: Ball 1-0: Ball 2-0: Swinging Strike 2-1: Ball 3-1: Base on Balls
|
Batting: RHB Mike McElroy
|
0-0: Ball 1-0: Called Strike 1-1: Ball 2-1: Fielders Choice at 2nd, 6-4 (Groundball, 6, EV 86.2 MPH)
|
Bottom of the 1st over - 0 runs, 0 hits, 0 errors, 1 left on base; University of North Carolina at Chapel Hill 0 - University of South Carolina 0 |
TOP OF THE 2ND |
University of North Carolina at Chapel Hill Tar Heels batting - Pitching for University of South Carolina Gamecocks : LHP Kazuyoshi Miyazaki
|
Batting: RHB Sam Daw
|
0-0: Called Strike 0-1: Ball 1-1: Ball 2-1: Ball 3-1: Base on Balls
|
Batting: RHB Chris Skaff
|
0-0: Ball 1-0: Grounds into double play, 6-4-3 (Groundball, 6S, EV 90.0 MPH)
|
Batting: RHB Jonathan Livingston
|
0-0: Ball 1-0: Called Strike 1-1: SINGLE (Line Drive, 56, EV 98.8 MPH)
|
Batting: RHB Travis Robinson
|
0-0: Ball 1-0: Fly out, F8 (Flyball, 89D, EV 90.0 MPH)
|
Top of the 2nd over - 0 runs, 1 hit, 0 errors, 1 left on base; University of North Carolina at Chapel Hill 0 - University of South Carolina 0 |
BOTTOM OF THE 2ND |
University of South Carolina Gamecocks batting - Pitching for University of North Carolina at Chapel Hill Tar Heels : RHP Bill Porter
|
Batting: RHB Dave Perron
|
0-0: Ground out 5-3 (Groundball, 56S, EV 85.0 MPH)
|
Batting: RHB Tylor Cyr
|
0-0: Ball 1-0: Called Strike 1-1: Ball 2-1: Swinging Strike 2-2: Ball 3-2: Strikes out swinging
|
Batting: RHB Kevin Popowicz
|
0-0: Called Strike 0-1: Foul Ball, location: 2F 0-2: Ball 1-2: Foul Ball, location: 2F 1-2: Ball 2-2: Fly out, F7 (Flyball, 78XD, EV 86.2 MPH)
|
Bottom of the 2nd over - 0 runs, 0 hits, 0 errors, 0 left on base; University of North Carolina at Chapel Hill 0 - University of South Carolina 0 |
TOP OF THE 3RD |
University of North Carolina at Chapel Hill Tar Heels batting - Pitching for University of South Carolina Gamecocks : LHP Kazuyoshi Miyazaki
|
Batting: RHB Norm Wood
|
0-0: Ball 1-0: Bunt for hit to 3S - play at first, batter OUT! 3-4
|
Batting: RHB David McDonald
|
0-0: Ball 1-0: Ball 2-0: SINGLE (Flyball, 8RS, EV 90.0 MPH)
|
Batting: RHB Aaron Stout
|
0-0: Fly out, F9 (Flyball, 89M, EV 89.4 MPH)
|
Batting: LHB Jason Raker
|
0-0: Ball 1-0: Called Strike 1-1: Ground out 6-3 (Groundball, 56, EV 107.5 MPH)
|
Top of the 3rd over - 0 runs, 1 hit, 0 errors, 1 left on base; University of North Carolina at Chapel Hill 0 - University of South Carolina 0 |
BOTTOM OF THE 3RD |
University of South Carolina Gamecocks batting - Pitching for University of North Carolina at Chapel Hill Tar Heels : RHP Bill Porter
|
Batting: RHB Chris Arroyo
|
0-0: Foul Ball, location: 2F 0-1: Ball 1-1: Called Strike 1-2: Ground out 6-3 (Groundball, 56D, EV 90.0 MPH)
|
Batting: SHB Carlos Carrillo
|
0-0: Ground out 1-3 (Groundball, 13, EV 77.5 MPH)
|
Batting: SHB Willie Medina
|
0-0: Foul Ball, location: 2F 0-1: Swinging Strike 0-2: Ground out 5-3 (Groundball, 56, EV 77.5 MPH)
|
Bottom of the 3rd over - 0 runs, 0 hits, 0 errors, 0 left on base; University of North Carolina at Chapel Hill 0 - University of South Carolina 0 |
TOP OF THE 4TH |
University of North Carolina at Chapel Hill Tar Heels batting - Pitching for University of South Carolina Gamecocks : LHP Kazuyoshi Miyazaki
|
Batting: RHB Kazushige Hasegawa
|
0-0: Foul Ball, location: 2F 0-1: Foul Ball, location: 2F 0-2: Ball 1-2: Ball 2-2: Ball 3-2: Base on Balls
|
Batting: RHB Sam Daw
|
0-0: Called Strike 0-1: Swinging Strike 0-2: Ball 1-2: Ball 2-2: Ball 3-2: Base on Balls Kazushige Hasegawa to second
|
Batting: RHB Chris Skaff
|
0-0: Swinging Strike 0-1: Ball 1-1: Ball 2-1: Ball 3-1: 3-RUN HOME RUN (Flyball, 78XD, EV 109.4 MPH), Distance : 439 ft
|
Batting: RHB Jonathan Livingston
|
0-0: Ball 1-0: Ball 2-0: Swinging Strike 2-1: Ball 3-1: Swinging Strike 3-2: Foul Ball, location: 2F 3-2: Ground out 5-3 (Groundball, 56, EV 87.5 MPH)
|
Batting: RHB Travis Robinson
|
0-0: Called Strike 0-1: Foul Ball, location: 2F 0-2: Ball 1-2: Strikes out swinging
|
Batting: RHB Norm Wood
|
0-0: Ground out U3 (Groundball, 23, EV 87.5 MPH)
|
Top of the 4th over - 3 runs, 1 hit, 0 errors, 0 left on base; University of North Carolina at Chapel Hill 3 - University of South Carolina 0 |
BOTTOM OF THE 4TH |
University of South Carolina Gamecocks batting - Pitching for University of North Carolina at Chapel Hill Tar Heels : RHP Bill Porter
|
Batting: RHB Jake Geib
|
0-0: Ground out 6-3 (Groundball, 6, EV 90.6 MPH)
|
Batting: SHB Isaiah Scates
|
0-0: Called Strike 0-1: Foul Ball, location: 2F 0-2: Ball 1-2: Foul Ball, location: 2F 1-2: Ball 2-2: Foul Ball, location: 2F 2-2: Ball 3-2: Fly out, F8 (Flyball, 8LD, EV 103.8 MPH)
|
Batting: RHB Mike McElroy
|
0-0: Ball 1-0: Ball 2-0: Called Strike 2-1: SINGLE (Flyball, 8RS, EV 88.8 MPH)
|
Batting: RHB Dave Perron
|
0-0: Called Strike 0-1: Foul Ball, location: 2F 0-2: Ball 1-2: SINGLE (Line Drive, 8LS, EV 105.0 MPH) Mike McElroy to second
|
Batting: RHB Tylor Cyr
|
0-0: Called Strike 0-1: Ground out 4-3 (Groundball, 4, EV 100.0 MPH)
|
Bottom of the 4th over - 0 runs, 2 hits, 0 errors, 2 left on base; University of North Carolina at Chapel Hill 3 - University of South Carolina 0 |
TOP OF THE 5TH |
University of North Carolina at Chapel Hill Tar Heels batting - Pitching for University of South Carolina Gamecocks : LHP Kazuyoshi Miyazaki
|
Batting: RHB David McDonald
|
0-0: Called Strike 0-1: Ball 1-1: Swinging Strike 1-2: Fly out, F8 (Flyball, 78M, EV 80.0 MPH)
|
Batting: RHB Aaron Stout
|
0-0: Ball 1-0: Ball 2-0: Foul Ball, location: 2F 2-1: Ground out 6-3 (Groundball, 6, EV 82.5 MPH)
|
Batting: LHB Jason Raker
|
0-0: Called Strike 0-1: Ball 1-1: Ground out 1-3 (Groundball, 13, EV 70.6 MPH)
|
Top of the 5th over - 0 runs, 0 hits, 0 errors, 0 left on base; University of North Carolina at Chapel Hill 3 - University of South Carolina 0 |
BOTTOM OF THE 5TH |
University of South Carolina Gamecocks batting - Pitching for University of North Carolina at Chapel Hill Tar Heels : RHP Bill Porter
|
Batting: RHB Kevin Popowicz
|
0-0: Foul Ball, location: 2F 0-1: Fly out, F8 (Flyball, 89D, EV 85.0 MPH)
|
Batting: RHB Chris Arroyo
|
0-0: Called Strike 0-1: Ball 1-1: SINGLE (Groundball, 6MD, EV 98.1 MPH)
|
Batting: SHB Carlos Carrillo
|
0-0: SINGLE (Line Drive, 5D, EV 97.5 MPH) Chris Arroyo to second
|
Batting: SHB Willie Medina
|
0-0: Called Strike 0-1: Ball 1-1: Ball 2-1: Ball 3-1: Called Strike 3-2: Fly out, F5 (Flyball, 5D, EV 80.6 MPH)
|
Batting: RHB Jake Geib
|
0-0: Swinging Strike 0-1: Foul Ball, location: 2F 0-2: Fly out, F7 (Flyball, 78D, EV 110.6 MPH)
|
Bottom of the 5th over - 0 runs, 2 hits, 0 errors, 2 left on base; University of North Carolina at Chapel Hill 3 - University of South Carolina 0 |
TOP OF THE 6TH |
University of North Carolina at Chapel Hill Tar Heels batting - Pitching for University of South Carolina Gamecocks : LHP Kazuyoshi Miyazaki
|
Batting: RHB Kazushige Hasegawa
|
0-0: Swinging Strike 0-1: Fly out, F9 (Line Drive, 9, EV 95.6 MPH)
|
Batting: RHB Sam Daw
|
0-0: Called Strike 0-1: Ball 1-1: Called Strike 1-2: Ball 2-2: Ball 3-2: Strikes out looking
|
Batting: RHB Chris Skaff
|
0-0: Ball 1-0: Ball 2-0: Ball 3-0: Base on Balls
|
Pitching: RHP Santiago Navarro
|
|
Batting: RHB Jonathan Livingston
|
0-0: Fly out, F7 (Line Drive, 7, EV 96.2 MPH)
|
Top of the 6th over - 0 runs, 0 hits, 0 errors, 1 left on base; University of North Carolina at Chapel Hill 3 - University of South Carolina 0 |
BOTTOM OF THE 6TH |
University of South Carolina Gamecocks batting - Pitching for University of North Carolina at Chapel Hill Tar Heels : RHP Bill Porter
|
Pitching: LHP Jason Haas
|
|
Batting: SHB Isaiah Scates
|
0-0: Called Strike 0-1: Called Strike 0-2: Ball 1-2: Foul Ball, location: 2F 1-2: Ball 2-2: Fly out, F8 (Flyball, 8RS, EV 73.8 MPH)
|
Batting: RHB Mike McElroy
|
0-0: Ball 1-0: Called Strike 1-1: Hit by Pitch
|
Batting: RHB Dave Perron
|
0-0: Ball 1-0: Called Strike 1-1: Called Strike 1-2: Fielders Choice at 2nd, 3-6 (Groundball, 34, EV 78.1 MPH)
|
Batting: RHB Tylor Cyr
|
0-0: Foul Ball, location: 2F 0-1: Foul Ball, location: 2F 0-2: Foul Ball, location: 2F 0-2: DOUBLE (Line Drive, 7LD, EV 99.4 MPH) Dave Perron to third Runner from 3rd tries for Home, SAFE, throw by LF to home
|
Batting: RHB Kevin Popowicz
|
0-0: SINGLE (Groundball, 56D, EV 100.6 MPH) Tylor Cyr to third Runner from 3rd tries for Home, SAFE, throw by LF to home
|
Batting: RHB Chris Arroyo
|
0-0: Called Strike 0-1: Ball 1-1: Ball 2-1: Foul Ball, location: 2F 2-2: Ball 3-2: Strikes out swinging
|
Bottom of the 6th over - 2 runs, 2 hits, 0 errors, 1 left on base; University of North Carolina at Chapel Hill 3 - University of South Carolina 2 |
TOP OF THE 7TH |
University of North Carolina at Chapel Hill Tar Heels batting - Pitching for University of South Carolina Gamecocks : RHP Santiago Navarro
|
Batting: RHB Travis Robinson
|
0-0: Ball 1-0: DOUBLE (Line Drive, 3D, EV 110.0 MPH)
|
Batting: RHB Norm Wood
|
0-0: Foul Ball, location: 2F 0-1: Swinging Strike 0-2: Ball 1-2: Foul Ball, location: 2F 1-2: Strikes out swinging
|
Batting: RHB David McDonald
|
0-0: Ball 1-0: Ball 2-0: Swinging Strike 2-1: Foul Ball, location: 2F 2-2: Ball 3-2: SINGLE (Groundball, 56D, EV 100.6 MPH) Travis Robinson to third
|
Batting: RHB Aaron Stout
|
0-0: Ball 1-0: Called Strike 1-1: Ball 2-1: SINGLE (Groundball, 6MS, EV 68.8 MPH) (infield hit) Travis Robinson scores David McDonald to second
|
Batting: LHB Jason Raker
|
0-0: Ball 1-0: Ball 2-0: Fielders Choice at 2nd, 6-4 (Groundball, 6M, EV 86.2 MPH) David McDonald to third
|
Batting: RHB Kazushige Hasegawa
|
0-0: DOUBLE (Groundball, 5L, EV 100.6 MPH) David McDonald scores Jason Raker to third
|
Batting: RHB Sam Daw
|
0-0: Called Strike 0-1: Ball 1-1: Foul Ball, location: 2F 1-2: Fly out, F9 (Flyball, 9, EV 91.2 MPH)
|
Top of the 7th over - 2 runs, 4 hits, 0 errors, 2 left on base; University of North Carolina at Chapel Hill 5 - University of South Carolina 2 |
BOTTOM OF THE 7TH |
University of South Carolina Gamecocks batting - Pitching for University of North Carolina at Chapel Hill Tar Heels : LHP Jason Haas
|
Batting: SHB Carlos Carrillo
|
0-0: Swinging Strike 0-1: SOLO HOME RUN (Flyball, 78XD, EV 116.2 MPH), Distance : 459 ft
|
Pitching: RHP Michael Conrad
|
|
Batting: SHB Willie Medina
|
0-0: Called Strike 0-1: Called Strike 0-2: Strikes out swinging
|
Batting: RHB Jake Geib
|
0-0: Ball 1-0: Ball 2-0: Called Strike 2-1: Called Strike 2-2: Foul Ball, location: 2F 2-2: Foul Ball, location: 2F 2-2: Fly out, F7 (Flyball, 7S, EV 82.5 MPH)
|
Batting: SHB Isaiah Scates
|
0-0: Called Strike 0-1: Called Strike 0-2: Ball 1-2: Strikes out swinging
|
Bottom of the 7th over - 1 run, 1 hit, 0 errors, 0 left on base; University of North Carolina at Chapel Hill 5 - University of South Carolina 3 |
TOP OF THE 8TH |
University of North Carolina at Chapel Hill Tar Heels batting - Pitching for University of South Carolina Gamecocks : RHP Santiago Navarro
|
Pitching: RHP Jose Rodriguez
|
|
Batting: RHB Chris Skaff
|
0-0: Ball 1-0: Foul Ball, location: 2F 1-1: Ball 2-1: Foul Ball, location: 2F 2-2: Ground out 1-3 (Groundball, 13S, EV 66.2 MPH)
|
Batting: RHB Jonathan Livingston
|
0-0: Ball 1-0: Ground out 5-3 (Groundball, 56D, EV 87.5 MPH)
|
Batting: RHB Travis Robinson
|
0-0: Swinging Strike 0-1: Called Strike 0-2: Foul Ball, location: 2F 0-2: Foul Ball, location: 2F 0-2: Strikes out swinging
|
Top of the 8th over - 0 runs, 0 hits, 0 errors, 0 left on base; University of North Carolina at Chapel Hill 5 - University of South Carolina 3 |
BOTTOM OF THE 8TH |
University of South Carolina Gamecocks batting - Pitching for University of North Carolina at Chapel Hill Tar Heels : RHP Michael Conrad
|
Batting: RHB Mike McElroy
|
0-0: Called Strike 0-1: Ground out 4-3 (Groundball, 34, EV 83.8 MPH)
|
Batting: RHB Dave Perron
|
0-0: Foul Ball, location: 2F 0-1: Called Strike 0-2: Ground out 6-3 (Groundball, 6, EV 108.8 MPH)
|
Batting: RHB Tylor Cyr
|
0-0: Called Strike 0-1: Ball 1-1: Reached on error, E9 (Flyball, 9LD, EV 83.1 MPH)
|
Batting: RHB Kevin Popowicz
|
0-0: Foul Ball, location: 2F 0-1: Ball 1-1: Swinging Strike 1-2: Foul Ball, location: 2F 1-2: Ball 2-2: Strikes out swinging
|
Bottom of the 8th over - 0 runs, 0 hits, 1 error, 1 left on base; University of North Carolina at Chapel Hill 5 - University of South Carolina 3 |
TOP OF THE 9TH |
University of North Carolina at Chapel Hill Tar Heels batting - Pitching for University of South Carolina Gamecocks : RHP Jose Rodriguez
|
Batting: RHB Norm Wood
|
0-0: Ground out U3 (Groundball, 34, EV 91.2 MPH)
|
Batting: RHB David McDonald
|
0-0: Ball 1-0: Ball 2-0: Ground out 5-3 (Groundball, 56S, EV 77.5 MPH)
|
Batting: RHB Aaron Stout
|
0-0: Called Strike 0-1: Called Strike 0-2: Fly out, F7 (Flyball, 7S, EV 91.2 MPH)
|
Top of the 9th over - 0 runs, 0 hits, 0 errors, 0 left on base; University of North Carolina at Chapel Hill 5 - University of South Carolina 3 |
BOTTOM OF THE 9TH |
University of South Carolina Gamecocks batting - Pitching for University of North Carolina at Chapel Hill Tar Heels : RHP Michael Conrad
|
Pitching: LHP Ken Dewey
|
|
Batting: RHB Chris Arroyo
|
0-0: Foul Ball, location: 2F 0-1: Ball 1-1: Ball 2-1: Ball 3-1: Called Strike 3-2: Foul Ball, location: 2F 3-2: Base on Balls
|
Pinch Hitting: RHB Kenny Thissen
|
0-0: Ball 1-0: Called Strike 1-1: Foul Ball, location: 2F 1-2: Strikes out swinging
|
Pinch Hitting: RHB Kevin Harris
|
0-0: Fly out, F3 (Popup, 23, EV 86.2 MPH)
|
Batting: RHB Jake Geib
|
0-0: Called Strike 0-1: Foul Ball, location: 2F 0-2: Ball 1-2: Strikes out swinging
|
Bottom of the 9th over - 0 runs, 0 hits, 0 errors, 1 left on base; University of North Carolina at Chapel Hill 5 - University of South Carolina 3 |
|